 Dungeon Crawl Stone Soup version 0.31-a0-331-geda263fcf1 (webtiles) character file.

Game seed: 12587957160495504407

612 Monkooky the Ruffian (level 7, -1/62 HPs)
             Began as a Gnoll Wanderer on July 19, 2023.
             Was a Believer of Ashenzari.
             Slain by an iguana (10 damage)
             ... on level 5 of the Dungeon.
             The game lasted 00:07:09 (4368 turns).

Monkooky the Ruffian (Gnoll Wanderer)               Turns: 4368, Time: 00:07:10

Health: -1/62      AC:  7    Str: 13    XL:     7   Next: 44%
Magic:  14/14      EV: 11    Int: 13    God:    Ashenzari [**....]
Gold:   51         SH:  0    Dex: 10    Spells: 10/15 levels left

rFire   . . .        f - +1 quarterstaff "Behold Eternity" {spect, Self, Dev} (curse)
rCold   + . .        (shield currently unavailable)
rNeg    . . .        u - +1 ring mail "Fiysch" {+Blink rC+}
rPois   .            p - +0 helmet
rElec   .            (no cloak)
rCorr   .            (no gloves)
SInv    +            (no boots)
Will    .....        (no amulet)
Stlth   +            n - ring of Ashenzari's Oblivion {SInv, Fort, Elem} (curse)
HPRegen 0.30/turn    (no ring)
MPRegen 0.14/turn

%: no passive effects
@: no status effects
A: fangs 1, strong nose, distributed training
a: Renounce Religion, Evoke Blink, Shatter the Chains


You were on level 5 of the Dungeon.
You worshipped Ashenzari.
Ashenzari was pleased with you.
You visited 1 branch of the dungeon, and saw 5 of its levels.

You collected 213 gold pieces.
You spent 162 gold pieces at shops.

Inventory:

Hand Weapons
 a - a +1 short sword
 f - the cursed +1 quarterstaff "Behold Eternity" (weapon) {spect, Self, Dev}
   (You found it on level 1 of the Dungeon)

   It has a curse which improves the following skills: Introspection: Fighting
   and Spellcasting.
   Devices:   Evocations and Shapeshifting.
Armour
 e - a +0 robe
 p - a +0 helmet (worn)
 u - the +1 ring mail "Fiysch" (worn) {+Blink rC+}
   (You bought it in a shop on level 4 of the Dungeon)

   rC:        It protects you from cold.
   +Blink:    It lets you blink.
Jewellery
 n - the cursed ring of Ashenzari's Oblivion (left hand) {SInv, Fort, Elem}
   (You found it on level 2 of the Dungeon)

   [ring of see invisible]

   SInv:      It lets you see invisible.
   It has a curse which improves the following skills: Fortitude: Armour and
   Shields.
   Elements:  Fire Magic, Ice Magic, Air Magic and Earth Magic.
Scrolls
 d - 2 scrolls of fear
 h - a scroll of amnesia
 i - a scroll of noise
 j - a scroll of revelation
 l - a scroll of teleportation
 m - 2 scrolls of vulnerability
 r - a scroll of enchant armour
Potions
 b - a potion of berserk rage
 c - 2 potions of heal wounds
 g - a potion of mutation
 k - a potion of degeneration
 o - a potion of magic
 q - 2 potions of curing
 s - 2 potions of attraction
 t - 2 potions of lignification
 v - a potion of brilliance


   Skills:
 + Level 7.0(8.2) Fighting
 + Level 3.6 Short Blades
 + Level 2.5 Long Blades
 + Level 2.5 Axes
 + Level 2.5 Maces & Flails
 + Level 2.5 Polearms
 + Level 2.5 Staves
 + Level 2.5 Ranged Weapons
 + Level 2.5 Throwing
 + Level 2.5(3.5) Armour
 + Level 3.6 Dodging
 + Level 2.5 Stealth
 + Level 2.5(3.5) Shields
 + Level 7.0 Unarmed Combat
 + Level 3.8(4.9) Spellcasting
 + Level 2.0 Conjurations
 + Level 2.0 Hexes
 + Level 2.0 Summonings
 + Level 2.0 Necromancy
 + Level 2.0 Translocations
 + Level 2.0 Transmutations
 + Level 2.0(3.0) Fire Magic
 + Level 2.0(3.0) Ice Magic
 + Level 2.0(3.0) Air Magic
 + Level 2.0(3.0) Earth Magic
 + Level 2.0 Poison Magic
 + Level 2.8 Invocations
 + Level 3.6(4.7) Evocations
 + Level 2.0(3.0) Shapeshifting


You had 10 spell levels left.
You knew the following spells:

 Your Spells              Type           Power      Damage    Failure   Level
a - Passwall              Tmut/Erth      7%         N/A       21%         2
b - Swiftness             Air            10%        N/A       34%         3

Your spell library contained the following spells:

 Spells                   Type           Power      Damage    Failure   Level
 Slow                     Hex            32%        N/A       17%         1
 Ensorcelled Hibernation  Hex/Ice        18%        N/A       21%         2
 Confusing Touch          Hex            8%         N/A       45%         3
 Vampiric Draining        Necr           8%         2d6       45%         3


Dungeon Overview and Level Annotations

Branches:
Dungeon (5/15)
 Temple: D:4-7

Altars:
Ashenzari
Fedhas
Trog

Shops:
D:4 [

Annotations:
D:3 2 transporters, hotbaconsauce's ghost, amateur MiFi


Innate Abilities, Weirdness & Mutations

You have very sharp teeth.
Your uncanny sense of smell can sniff out nearby items.
Your experience applies equally to all skills.


Message History

Your +1 quarterstaff "Behold Eternity" {spect, Self, Dev} misses the orc wizard.
The orc completely misses you. The orc wizard barely misses you.
Unknown command.
You completely miss the orc wizard. You bite the orc wizard.
The orc wizard is heavily wounded.
Your +1 quarterstaff "Behold Eternity" {spect, Self, Dev} hits the orc wizard.
The orc closely misses you.
The orc wizard hits you but does no damage.
Unknown command.
You hit the orc wizard but do no damage.
The orc wizard is almost dead.
Your +1 quarterstaff "Behold Eternity" {spect, Self, Dev} hits the orc wizard!
You kill the orc wizard!
The iguana hisses menacingly.
The iguana bites your +1 quarterstaff "Behold Eternity" {spect, Self, Dev}.
Your spectral weapon shares its damage with you!
* * * LOW HITPOINT WARNING * * *
The orc hits you with a +0 club.
* * * LOW HITPOINT WARNING * * *
You hit the orc.
The orc is almost dead.
Your +1 quarterstaff "Behold Eternity" {spect, Self, Dev} hits the orc!
You kill the orc!
Unknown command.
You hit the iguana.
The iguana is moderately wounded.
Your +1 quarterstaff "Behold Eternity" {spect, Self, Dev} hits the iguana but does no damage.
The iguana bites you.
* * * LOW HITPOINT WARNING * * *
Unknown command.
You barely miss the iguana.
The iguana is moderately wounded.
Your +1 quarterstaff "Behold Eternity" {spect, Self, Dev} hits the iguana!
The iguana bites you but does no damage. x2
Unknown command.
You closely miss the iguana.
The iguana is severely wounded.
Your +1 quarterstaff "Behold Eternity" {spect, Self, Dev} barely misses the iguana.
The iguana bites you!
You die...

#.. ##.....#
#...###......,
.......)).#** ,
#......)# **
*,,*#...##...#
,#.. #.(.## ,,.
* ##....#** * *
,*
##l(.#..)....
***
##.@###...####
* ###### ##..##
..## ##....#
##..## .(# ,
......## ##..##
..# ,
#<..####...#
... ,
,**##...#...>.#
,,... *
#.......#......
∆
##...####...###
##### #..## *


You could see an iguana and a friendly +1 quarterstaff "Behold Eternity" {spect,
Self, Dev}.

Vanquished Creatures
  2 phantoms (D:4)
  Blork the orc (D:4)
  A howler monkey (D:4)
  2 orc priests
  A jelly (D:4)
  An iguana (D:4)
  2 orc wizards (D:5)
  Robin (D:2)
  9 adders
  A worm (D:4)
  A dart slug (D:1)
  9 orcs
  4 ball pythons
  7 bats
  5 endoplasms
  4 giant cockroaches
  15 goblins
  10 hobgoblins
  2 jackals (D:1)
  3 kobolds
  6 quokkas
  7 frilled lizards
  7 rats
101 creatures vanquished.

Notes
Turn   | Place    | Note
-------+----------+-------------------------------------------
     0 | D:1      | Monkooky the Gnoll Wanderer began the quest for the Orb.
     0 | D:1      | Monkooky set off with the following items: a +1 short
                  | sword, a potion of berserk rage, a potion of heal wounds, a
                  | scroll of fear, a +0 robe.
     0 | D:1      | Reached XP level 1. HP: 23/23 MP: 4/4
   298 | D:1      | Reached XP level 2. HP: 29/29 MP: 5/5
   929 | D:1      | Reached XP level 3. HP: 35/35 MP: 7/7
  1367 | D:2      | Found a broken altar of Ashenzari.
  1378 | D:2      | Became a worshipper of Ashenzari the Shackled
  1426 | D:2      | Reached skill level 1 in Invocations
  1630 | D:2      | Reached skill level 1 in Long Blades
  1630 | D:2      | Reached skill level 1 in Axes
  1630 | D:2      | Reached skill level 1 in Maces & Flails
  1630 | D:2      | Reached skill level 1 in Polearms
  1630 | D:2      | Reached skill level 1 in Staves
  1630 | D:2      | Reached skill level 1 in Ranged Weapons
  1630 | D:2      | Reached skill level 1 in Throwing
  1630 | D:2      | Reached skill level 1 in Armour
  1630 | D:2      | Reached skill level 1 in Stealth
  1630 | D:2      | Reached skill level 1 in Shields
  1678 | D:2      | Noticed Robin
  1685 | D:2      | Killed Robin
  1686 | D:2      | Reached XP level 4. HP: 35/41 MP: 8/8
  1998 | D:2      | Reached skill level 1 in Conjurations
  1998 | D:2      | Reached skill level 1 in Hexes
  1998 | D:2      | Reached skill level 1 in Summonings
  1998 | D:2      | Reached skill level 1 in Necromancy
  1998 | D:2      | Reached skill level 1 in Translocations
  1998 | D:2      | Reached skill level 1 in Transmutations
  1998 | D:2      | Reached skill level 1 in Fire Magic
  1998 | D:2      | Reached skill level 1 in Ice Magic
  1998 | D:2      | Reached skill level 1 in Air Magic
  1998 | D:2      | Reached skill level 1 in Earth Magic
  1998 | D:2      | Reached skill level 1 in Poison Magic
  1998 | D:2      | Reached skill level 1 in Shapeshifting
  2520 | D:3      | Reached XP level 5. HP: 47/47 MP: 9/9
  2644 | D:3      | Found a blossoming altar of Fedhas.
  2896 | D:3      | Learned a level 2 spell: Passwall
  2900 | D:3      | Learned a level 3 spell: Swiftness
  2909 | D:3      | Found a bloodstained altar of Trog.
  3101 | D:3      | Found a transporter.
  3101 | D:3      | Found a transporter.
  3111 | D:3      | Noticed hotbaconsauce's ghost (amateur MiFi)
  3115 | D:3      | Identified the +7 spear of Iconoclasm {venom, rElec rCorr}
  3115 | D:3      | Identified the +3 leather armour of the Meadowlark {Str+2
                  | Int+6}
  3180 | D:3      | Reached * piety under Ashenzari
  3180 | D:3      | Reached ** piety under Ashenzari
  3442 | D:4      | Identified the cursed +1 quarterstaff "Behold Eternity"
                  | {spect, Self, Dev} (You found it on level 1 of the Dungeon)
  3445 | D:4      | Identified the cursed +1 quarterstaff "Behold Eternity"
                  | {spect, Self, Dev} (You found it on level 1 of the Dungeon)
  3500 | D:4      | Noticed a phantom
  3520 | D:4      | Identified the cursed +1 quarterstaff "Behold Eternity"
                  | {spect, Self, Dev} (You found it on level 1 of the Dungeon)
  3534 | D:4      | Noticed a phantom
  3538 | D:4      | Identified the cursed +1 quarterstaff "Behold Eternity"
                  | {spect, Self, Dev} (You found it on level 1 of the Dungeon)
  3539 | D:4      | Identified the cursed +1 quarterstaff "Behold Eternity"
                  | {spect, Self, Dev} (You found it on level 1 of the Dungeon)
  3542 | D:4      | Identified the cursed +1 quarterstaff "Behold Eternity"
                  | {spect, Self, Dev} (You found it on level 1 of the Dungeon)
  3543 | D:4      | Killed a phantom
  3543 | D:4      | Identified the cursed +1 quarterstaff "Behold Eternity"
                  | {spect, Self, Dev} (You found it on level 1 of the Dungeon)
  3544 | D:4      | Reached XP level 6. HP: 43/56 MP: 12/12
  3547 | D:4      | Identified the cursed +1 quarterstaff "Behold Eternity"
                  | {spect, Self, Dev} (You found it on level 1 of the Dungeon)
  3548 | D:4      | Identified the cursed +1 quarterstaff "Behold Eternity"
                  | {spect, Self, Dev} (You found it on level 1 of the Dungeon)
  3551 | D:4      | Identified the cursed +1 quarterstaff "Behold Eternity"
                  | {spect, Self, Dev} (You found it on level 1 of the Dungeon)
  3618 | D:4      | Identified the cursed +1 quarterstaff "Behold Eternity"
                  | {spect, Self, Dev} (You found it on level 1 of the Dungeon)
  3732 | D:4      | Identified the cursed +1 quarterstaff "Behold Eternity"
                  | {spect, Self, Dev} (You found it on level 1 of the Dungeon)
  3800 | D:4      | Identified the cursed +1 quarterstaff "Behold Eternity"
                  | {spect, Self, Dev} (You found it on level 1 of the Dungeon)
  3819 | D:4      | Found Inerushri's Antique Armour Shop.
  3832 | D:4      | Bought an ancient ring mail for 162 gold pieces
  3832 | D:4      | Identified the +1 ring mail "Fiysch" {+Blink rC+} (You
                  | bought it in a shop on level 4 of the Dungeon)
  3875 | D:4      | Identified the cursed +1 quarterstaff "Behold Eternity"
                  | {spect, Self, Dev} (You found it on level 1 of the Dungeon)
  3891 | D:4      | Identified the cursed +1 quarterstaff "Behold Eternity"
                  | {spect, Self, Dev} (You found it on level 1 of the Dungeon)
  3893 | D:4      | Identified the cursed +1 quarterstaff "Behold Eternity"
                  | {spect, Self, Dev} (You found it on level 1 of the Dungeon)
  3900 | D:4      | Reached XP level 7. HP: 27/62 MP: 14/14
  3900 | D:4      | Identified the cursed +1 quarterstaff "Behold Eternity"
                  | {spect, Self, Dev} (You found it on level 1 of the Dungeon)
  4084 | D:4      | Identified the cursed +1 quarterstaff "Behold Eternity"
                  | {spect, Self, Dev} (You found it on level 1 of the Dungeon)
  4185 | D:4      | Found a broken altar of Ashenzari.
  4188 | D:4      | Noticed Blork the orc
  4215 | D:4      | Identified the cursed +1 quarterstaff "Behold Eternity"
                  | {spect, Self, Dev} (You found it on level 1 of the Dungeon)
  4218 | D:4      | Killed Blork the orc
  4221 | D:4      | Identified the cursed +1 quarterstaff "Behold Eternity"
                  | {spect, Self, Dev} (You found it on level 1 of the Dungeon)
  4231 | D:4      | Identified the cursed +1 quarterstaff "Behold Eternity"
                  | {spect, Self, Dev} (You found it on level 1 of the Dungeon)
  4320 | D:5      | Entered Level 5 of the Dungeon
  4345 | D:5      | Identified the cursed +1 quarterstaff "Behold Eternity"
                  | {spect, Self, Dev} (You found it on level 1 of the Dungeon)
  4348 | D:5      | Identified the cursed +1 quarterstaff "Behold Eternity"
                  | {spect, Self, Dev} (You found it on level 1 of the Dungeon)
  4349 | D:5      | Identified the cursed +1 quarterstaff "Behold Eternity"
                  | {spect, Self, Dev} (You found it on level 1 of the Dungeon)
  4351 | D:5      | Identified the cursed +1 quarterstaff "Behold Eternity"
                  | {spect, Self, Dev} (You found it on level 1 of the Dungeon)
  4359 | D:5      | Identified the cursed +1 quarterstaff "Behold Eternity"
                  | {spect, Self, Dev} (You found it on level 1 of the Dungeon)
  4362 | D:5      | Identified the cursed +1 quarterstaff "Behold Eternity"
                  | {spect, Self, Dev} (You found it on level 1 of the Dungeon)
  4368 | D:5      | Slain by an iguana

Illustrated notes

Levels and vault maps discovered:
D:1:      dpeg_arrival_boxorama, layout_basic
D:2:      kennysheep_the_goblin_king, layout_loops_ring, basic_altar, uniq_robin
D:3:      layout_basic, fedhas_altar_3, trog_butcher_becter,
          gammafunk_ghost_gnarly_gnolls, minmay_strange_pillars
D:4:      layout_rooms, nicolae_ashenzari_skybound, serial_shops,
          nicolae_square_shop, uniq_blork_the_orc
D:5:      layout_layer_cave, temple_doors_e, nicolae_shop_distant_corner_stores,
          minmay_misc_feat_more_columns

Skill      XL: |  1  2  3  4  5  6  7 |
---------------+----------------------+-----
Invocations    | 1 2 |  2.8
Long Blades    | 1 2 |  2.5
Axes           | 1 2 |  2.5
Maces & Flails | 1 2 |  2.5
Polearms       | 1 2 |  2.5
Staves         | 1 2 |  2.5
Ranged Weapons | 1 2 |  2.5
Throwing       | 1 2 |  2.5
Armour         | 1 2 |  2.5
Stealth        | 1 2 |  2.5
Shields        | 1 2 |  2.5
Spellcasting   | 3 |  3.8
Conjurations   | 1 2 |  2.0
Hexes          | 1 2 |  2.0
Summonings     | 1 2 |  2.0
Necromancy     | 1 2 |  2.0
Translocations | 1 2 |  2.0
Transmutations | 1 2 |  2.0
Fire Magic     | 1 2 |  2.0
Ice Magic      | 1 2 |  2.0
Air Magic      | 1 2 |  2.0
Earth Magic    | 1 2 |  2.0
Poison Magic   | 1 2 |  2.0
Shapeshifting  | 1 2 |  2.0
Short Blades   | 3 |  3.6
Dodging        | 3 |  3.6
Evocations     | 3 |  3.6
Fighting       | 7 |  7.0
Unarmed Combat | 7 |  7.0

Action                     |  1- 3 |  4- 6 |  7- 9 || total
---------------------------+-------+-------+-------++-------
  Melee: Quarterstaff      |    81 |   139 |    29 ||   249
         Bite              |     4 |    16 |     1 ||    21
 Invoke: Curse Item        |       |     2 |       ||     2
    Use: Scroll            |       |     6 |       ||     6
         Potion            |       |     1 |       ||     1
   Stab: Distracted        |     1 |     2 |       ||     3
         Sleeping          |       |     1 |       ||     1
 Armour: Robe              |     8 |    26 |       ||    34
         Ring mail         |       |     1 |    20 ||    21
  Dodge: Dodged            |    54 |    82 |    18 ||   154

Table legend: (Time is in decaauts)
 A = Elapsed time spent in this place.
 B = Non-inter-level travel time spent in this place.
 C = Inter-level travel time spent in this place.
 D = Time resting spent in this place.
 E = Time spent auto-exploring this place.
 F = Levels seen in this place.
 G = Mean time per level.
                   A        B        C        D        E       F      G
               +--------+--------+--------+--------+--------+-----+--------+
         Total |   4421 |   4125 |    296 |     11 |   3398 |   5 |  884.2 |
       Dungeon |   4421 |   4125 |    296 |     11 |   3398 |   5 |  884.2 |
               +--------+--------+--------+--------+--------+-----+--------+

Top non-repeatable levels by time:
     D:1: 1374 daAuts
     D:3: 1084 daAuts
     D:2: 1018 daAuts
     D:4: 892 daAuts
     D:5: 50 daAuts
